 Dungeon Crawl Stone Soup version 0.28-a0-683-ga8797d1ae1 (webtiles) character file.

Game seed: 8107401030224263503

27 ytrimaz the Ducker (level 3, -1/26 HPs)
             Began as an Octopode Fighter on Oct 18, 2021.
             Succumbed to an adder's poison
             ... on level 2 of the Dungeon.
             The game lasted 00:03:16 (1189 turns).

ytrimaz the Ducker (Octopode Fighter)               Turns: 1189, Time: 00:03:17

Health: -1/26      AC:  1    Str: 15    XL:     3   Next: 10%
Magic:  3/3        EV: 14    Int: 10    God:
Gold:   16         SH:  4    Dex: 12    Spells: 2/2 levels left

rFire   . . .      SeeInvis .   a - +0 flail
rCold   . . .      Faith    .   b - +0 buckler
rNeg    . . .      Spirit   .   (helmet restricted)
rPois   .          Reflect  .   (no amulet)
rElec   .          Harm     .   (no ring)
rCorr   .          Rampage  .   (no ring)
Will    .....                   (no ring)
Stlth   ++........              (no ring)
HPRegen 0.08/turn               (no ring)
MPRegen 0.08/turn               (no ring)
                                (no ring)
                                (no ring)

@: lethally poisoned (-1 -> -5)
A: almost no armour, amphibious, 8 rings, camouflage 1, gelatinous body 1,
(nimble swimmer 1), tentacles
a: no special abilities


You were on level 2 of the Dungeon.
You visited 1 branch of the dungeon, and saw 2 of its levels.

You collected 16 gold pieces.

Inventory:

Hand Weapons
 a - a +0 flail (weapon)
Armour
 b - a +0 buckler (worn)
Scrolls
 d - a scroll of fear {unknown}
 e - 3 scrolls of identify {unknown}
 f - a scroll of amnesia {unknown}
 i - a scroll of blinking {unknown}
 j - a scroll of noise {unknown}
Potions
 c - a potion of might
 g - a potion of flight {unknown}
 h - 2 potions of attraction {unknown}


   Skills:
 - Level 3.0 Fighting
 - Level 2.0 Maces & Flails
 + Level 3.6 Dodging
 + Level 3.5 Shields


You had 2 spell levels left.
You didn't know any spells.
Your spell library was empty.

Dungeon Overview and Level Annotations

Branches:
Dungeon (2/15)

Altars:


Innate Abilities, Weirdness & Mutations

You cannot wear most types of armour.
You are amphibious.
You can wear up to eight rings at the same time.
Your skin changes colour to match your surroundings (Stealth+).
Your rubbery body absorbs attacks. (AC +1, EV +1)
((You are camouflaged near water. (Stealth+)))
You have tentacles for arms and can constrict up to eight enemies at once.


Message History

There is a stone staircase leading down here.
A rat is nearby!
A rat is nearby!
You sock the rat!
You kill the rat!
Found a stone staircase leading up.
Found 17 stones.
A ball python comes into view.
A ball python is nearby!
A ball python is nearby!
The ball python hisses angrily.
The ball python completely misses you. x2
You sock the ball python!
You kill the ball python!
The adder hisses angrily. x2
The adder bites you.
An adder is nearby!
An adder is nearby!
You barely miss the adder. Your grab misses the adder.
Your squeeze misses the adder. The adder bites you.
You are poisoned.
The adder poisons you!
You barely miss the adder. Your grab misses the adder.
You feel sick. The adder completely misses you.
You feel sick.
You feel sick. The adder bites you but does no damage.
You miss the adder. Your grab misses the adder.
You feel sick.
You are no longer poisoned.
The adder bites you.
You are poisoned.
The adder poisons you! The adder bites you.
You hit the adder. You grab the adder.
The adder is moderately wounded.
You constrict the adder.
* * * LOW HITPOINT WARNING * * *
You feel sick. The adder bites you.
* * * LOW HITPOINT WARNING * * *
You hit the adder but do no damage. You squeeze the adder!
You kill the adder!
You die...

# ##. #...
##################
#....##.................
#.....................
##
##.##@################
##..#####..## #.####
##...........###S...#
+!.S⌠..<..⌠......##.#
##.......S...##..# #
##..#####..##.... ##
##....# #....# #....#


You could see an adder.

Vanquished Creatures
  An adder (D:2)
  A dart slug (D:1)
  A bat (D:1)
  2 endoplasms (D:1)
  2 giant cockroaches (D:1)
  2 goblins (D:1)
  3 hobgoblins
  A quokka (D:1)
  4 ball pythons
  7 rats
24 creatures vanquished.

Notes
Turn   | Place    | Note
-------+----------+-------------------------------------------
     0 | D:1      | ytrimaz the Octopode Fighter began the quest for the Orb.
     0 | D:1      | Reached XP level 1. HP: 16/16 MP: 1/1
   239 | D:1      | Reached XP level 2. HP: 18/21 MP: 2/2
   901 | D:1      | Reached XP level 3. HP: 26/26 MP: 3/3
  1110 | D:2      | Found a faded altar of an unknown god.
  1188 | D:2      | HP: 1/26 [adder (5)]
  1189 | D:2      | Succumbed to an adder's poison

Illustrated notes

Levels and vault maps discovered:
D:1:      dpeg_arrival_ratfight, layout_basic
D:2:      layout_basic, basic_ecumenical_altar, st_stairs_8, grunt_ministairs_15

Action                   || total
-------------------------++-------
Melee: Flail             ||    37
       Tentacles         ||     6
       Constrict         ||    11
 Stab: Sleeping          ||     5
Armor: Skin              ||     4
Dodge: Dodged            ||    22
Block: Buckler           ||    10

Table legend: (Time is in decaauts)
 A = Elapsed time spent in this place.
 B = Non-inter-level travel time spent in this place.
 C = Inter-level travel time spent in this place.
 D = Time resting spent in this place.
 E = Time spent auto-exploring this place.
 F = Levels seen in this place.
 G = Mean time per level.
                   A        B        C        D        E       F      G
               +--------+--------+--------+--------+--------+-----+--------+
         Total |   1201 |   1157 |     44 |      0 |    930 |   2 |  600.5 |
       Dungeon |   1201 |   1157 |     44 |      0 |    930 |   2 |  600.5 |
               +--------+--------+--------+--------+--------+-----+--------+

Top non-repeatable levels by time:
     D:1: 1115 daAuts
     D:2: 85 daAuts
